 Dungeon Crawl Stone Soup version 0.30.1-3-gfc49f6343a (webtiles) character file.

Game seed: 17855555922320150434

63 billyroblox the Ruffian (level 4, -10/37 HPs)
             Began as a Ghoul Gladiator on June 19, 2023.
             Mangled by a wight
             ... wielding a +0 morningstar of venom
              (12 damage)
             ... on level 7 of the Dungeon on Aug 7, 2023.
             The game lasted 00:13:02 (443 turns).

billyroblox the Ruffian (Ghoul Gladiator)            Turns: 443, Time: 00:13:02

Health: -10/37     AC:  4    Str: 19    XL:     4   Next: 10%
Magic:  3/3        EV: 12    Int:  3    God:
Gold:   59         SH:  0    Dex: 10    Spells: 3/3 levels left

rFire   . .          .
                       - Unarmed
rCold   + . .        (no shield)
rNeg    + + +        a - +0 leather armour
rPois   ∞            b - +0 helmet
rElec   .            (no cloak)
rCorr   .            (no gloves)
SInv    .            (no boots)
Will    .....        (no amulet)
Stlth   +            (no ring)
HPRegen 0.00/turn    (no ring)
MPRegen 0.08/turn

%: no passive effects
@: inhibited regen
A: claws 1, cold resistance 1, negative energy resistance 3, inhibited
regeneration, torment resistance 2, devour on kill
a: no special abilities


You were on level 7 of the Dungeon.
You visited 1 branch of the dungeon, and saw 7 of its levels.

You collected 59 gold pieces.

Inventory:

Hand Weapons
 e - a +0 short sword
 f - a +0 dagger
 h - a +0 dagger
Missiles
 c - 5 throwing nets (quivered)
 d - 5 javelins
Armour
 a - a +0 leather armour (worn)
 b - a +0 helmet (worn)
 g - a +0 leather armour
 l - a +0 robe
Scrolls
 j - a scroll of teleportation {unknown}
 k - a scroll of magic mapping {unknown}
Potions
 i - a potion of heal wounds {unknown}
 m - a potion of might {unknown}


   Skills:
 + Level 2.5 Fighting
 + Level 1.9 Throwing
 + Level 0.6 Armour
 + Level 3.2 Dodging
 + Level 4.4 Unarmed Combat


You had 3 spell levels left.
You didn't know any spells.
Your spell library was empty.

Dungeon Overview and Level Annotations

Branches:
Dungeon (7/15)
 Temple: D:4-7

Altars:
Ashenzari
Qazlal


Innate Abilities, Weirdness & Mutations

You are immune to poison.
You have sharp fingernails.
Your flesh is cold resistant. (rC+)
You are immune to negative energy. (rN+++)
You do not regenerate when monsters are visible.
You are immune to unholy pain and torment.
You thrive by killing the living.


Message History

l - a +0 robe You hear a distant slurping noise.
You open the door.
Found 13 gold pieces.
There is an open door here.
You now have 59 gold pieces (gained 13).
There is an open door here.
There is a stone staircase leading down here.
You climb downwards.
Found a grey potion.
There is a stone staircase leading up here.
m - a grey potion
There is an abandoned shop here.
You open the door.
Found a stone staircase leading down.
There is an open door here.
There is a stone staircase leading down here.
You climb downwards.
You hear the roar of battle.
There is an entrance to a bailey on this level.
Hurry and find it before the portal closes forever!
Found 23 gold pieces and a scroll labelled YCRYAG SUKHLO.
There is a stone staircase leading up here. 2 wights come into view.
A wight is wielding a +0 morningstar of venom.
Found a spear.
Found 2 stones.
You scratch the wight but do no damage. You barely miss the wight.
The wight closely misses you. The wight misses you.
You closely miss the wight.
The wight hits you with a +0 morningstar of venom.
The wight hits you from afar with a +2 trident.
You closely miss the wight.
The wight hits you with a +0 morningstar of venom!
The wight hits you from afar with a +2 trident!
* * * LOW HITPOINT WARNING * * *
The wight attacks as you move away! The wight barely misses you.
A wight comes into view. It is wielding a +0 battleaxe.
There is a stone staircase leading up here.
The wight hits you with a +0 morningstar of venom!
You die...

.......
.)...(.
......
#....
#?...
#....####
#.$....@#
#.....z##
#$....z#
#..##.##
#. #z# #
... ....
##.## #.#


You could see 3 wights.

Vanquished Creatures
  An iguana (D:4)
  2 adders (D:2)
  A worm (D:2)
  A hobgoblin (D:2)
  3 jackals (D:1)
  2 kobolds
  3 ball pythons
  3 frilled lizards
  3 goblins
  2 rats (D:2)
21 creatures vanquished.

Notes
Turn   | Place    | Note
-------+----------+-------------------------------------------
     0 | D:1      | billyroblox the Ghoul Gladiator began the quest for the
                  | Orb.
     0 | D:1      | Reached XP level 1. HP: 17/17 MP: 0/0
    81 | D:1      | Reached XP level 2. HP: 18/24 MP: 1/1
    81 | D:1      | Upgraded the game from 0.30.0-29-ga12c61a403 to
                  | 0.30.1-3-gfc49f6343a
   124 | D:2      | Reached skill level 4 in Unarmed Combat
   143 | D:2      | Reached XP level 3. HP: 27/29 MP: 2/2
   184 | D:2      | Found a broken altar of Ashenzari.
   230 | D:3      | Found a stormy altar of Qazlal.
   358 | D:4      | Reached XP level 4. HP: 36/37 MP: 3/3
   391 | D:5      | Entered Level 5 of the Dungeon
   443 | D:7      | Mangled by a wight

Illustrated notes

Levels and vault maps discovered:
D:1:      nzn_arrival_settlement, layout_basic
D:2:      layout_loops_ring, basic_altar, minmay_increasing_density
D:3:      layout_basic, mainiacjoe_overflow_surrounded_room,
          nicolae_wu_jian_wuxing_cycle, serial_shops, nicolae_shop_rolled_up,
          minmay_misc_feat_four_crosses, uniq_grinder
D:4:      nicolae_cairo_tiling_large_dashed, layout_basic
D:5:      minmay_opposing_rooms, layout_basic, mainiacjoe_overflow_chevrons,
          mainiacjoe_overflow_alcove_2, minmay_temple_entry_butterflies,
          minmay_fractal_squares_gapless_5
D:6:      layout_gridville, marbit_many_paths, abandoned_shop,
          minmay_stone_trees_small, nicolae_grassy_gnolls
D:7:      layout_gridville, amcnicky_altar_gilded,
          mainiacjoe_overflow_tiny_flanked, serial_shops, shop, enter_bailey_5,
          grunt_decor_fettered

Skill      XL: |  1  2 |
---------------+-------+-----
Unarmed Combat | 4 |  4.4
Dodging        | 3 |  3.2
Fighting       | |  2.5
Throwing       | |  1.9
Armour         | |  0.6

Action                     |  1- 3 |  4- 6 || total
---------------------------+-------+-------++-------
  Melee: Unarmed           |    66 |     4 ||    70
         Punch             |     1 |       ||     1
 Armour: Leather armour    |    16 |       ||    16
  Dodge: Dodged            |    44 |     3 ||    47
